 Dungeon Crawl Stone Soup version 0.19.0-11-g3fc08b3 (webtiles) character file.

37960 mistymad the Grappler (level 14, -6/199 HPs)
             Began as a Naga Transmuter on Nov 8, 2016.
             Mangled by a death yak (8 damage)
             ... on level 6 of the Lair of Beasts.
             The game lasted 00:59:32 (23915 turns).

mistymad the Grappler (Naga Transmuter)            Turns: 23915, Time: 00:59:32

Health: -6/199     AC: 16    Str: 13    XL:     14   Next: 0%
Magic:  26/26      EV:  7    Int: 22    God:
Gold:   554        SH: 15    Dex: 15    Spells: 7 memorised, 6 levels left

rFire  + + .     SeeInvis +       - Unarmed
rCold  + + .     Gourm    .     X - +2 robe {rC+}
rNeg   . . .     Faith    .     w - +0 shield
rPois  +         Spirit   .     f - +2 hat
rElec  .         Reflect  +     R - +0 cloak {rPois}
rCorr  .         Harm     .     O - +0 pair of gloves
MR     +....                    c - +1 naga barding "Qiwois" {rF+ rC+ Int+3}
Stlth  ..........               A - amulet of Luok {Reflect Str-5 Dex+4 SH+6 Stlth+}
                                h - ring of wizardry
                                i - ring of protection from fire

@: berserking (expiring), very slightly contaminated, hasted (expiring), repel
missiles, quick
A: see invisible, deformed body, poison resistance, slowness 2, slow metabolism
1, spit poison 1, constrict 1, AC +4
a: Spit Poison


You were on level 6 of the Lair of Beasts.
You were hungry.

You visited 3 branches of the dungeon, and saw 18 of its levels.

You collected 1019 gold pieces.
You spent 465 gold pieces at shops.

Inventory:

Hand Weapons
 y - a +0 blowgun
Missiles
 a - 148 arrows
 B - 14 curare-tipped needles
Armour
 c - the +1 naga barding "Qiwois" (worn) {rF+ rC+ Int+3}
   (You acquired it on level 3 of the Lair of Beasts)

   It affects your intelligence (+3).
   It protects you from fire.
   It protects you from cold.
 f - a +2 hat (worn)
 w - a +0 shield (worn)
 O - a +0 pair of gloves (worn)
 R - a +0 cloak of poison resistance (worn)
 X - a +2 robe of cold resistance (worn)
Jewellery
 h - a ring of wizardry (right hand)
 i - a ring of protection from fire (left hand)
 s - an uncursed ring of stealth
 A - the amulet of Luok (around neck) {Reflect Str-5 Dex+4 SH+6 Stlth+}
   (You found it on level 5 of the Dungeon)

   [amulet of reflection]

   It shields you and reflects attacks.
   It affects your strength (-5).
   It affects your dexterity (+4).
   It affects your SH (+6).
   It makes you more stealthy.
 Q - an uncursed ring of protection from fire
 T - an uncursed ring of protection from cold
 W - an uncursed ring of resist corrosion
Wands
 b - a wand of digging (15/24)
 j - a wand of disintegration (24/24)
 u - a wand of acid (8/15)
 M - a wand of paralysis (2/24)
Scrolls
 g - 12 scrolls of teleportation
 n - 3 scrolls of identify
 v - 12 scrolls of remove curse
 x - 2 scrolls of amnesia
 D - a scroll of enchant armour
 E - 4 scrolls of recharging
 N - a scroll of fog
 Z - a scroll of summoning
Potions
 e - 3 potions of flight
 k - 3 potions of heal wounds
 l - a potion of lignification
 m - 2 potions of ambrosia
 o - 3 potions of brilliance
 C - 3 potions of cancellation
 F - 4 potions of haste
 H - a potion of berserk rage
 I - 6 potions of agility
 J - 4 potions of curing
 K - a potion of resistance
 P - 4 potions of magic
Books
 p - a book of Maledictions

   Spells                             Type                      Level
   a - Corona                         Hexes                        1
   b - Ensorcelled Hibernation        Hexes/Ice                    2
   c - Confuse                        Hexes                        3
   d - Tukima's Dance                 Hexes                        3
   e - Dazzling Spray                 Conjuration/Hexes            3
 q - Lerruog's Papyrus of Cankerous Air
   (You found it on level 3 of the Lair of Beasts)

   Spells                             Type                      Level
   a - Sting                          Conjuration/Poison           1
   b - Static Discharge               Conjuration/Air              3
   c - Deflect Missiles               Charms/Air                   6
   d - Tornado                        Air                          9
 V - a book of the Earth

   Spells                             Type                      Level
   a - Leda's Liquefaction            Hexes/Earth                  4
   b - Bolt of Magma                  Conjuration/Fire/Earth       5
   c - Statue Form                    Transmutation/Earth          6
   d - Iron Shot                      Conjuration/Earth            6
   e - Shatter                        Earth                        9
 Y - a book of Debilitation

   Spells                             Type                      Level
   a - Corona                         Hexes                        1
   b - Slow                           Hexes                        2
   c - Gell's Gravitas                Hexes/Translocation          3
   d - Inner Flame                    Hexes/Fire                   3
   e - Cause Fear                     Hexes                        4
   f - Leda's Liquefaction            Hexes/Earth                  4
Comestibles
 d - 13 bread rations
 r - 13 fruits
 t - 8 meat rations
 z - 4 beef jerkies
 G - 2 chunks of flesh
 L - a royal jelly


   Skills:
 - Level 10.9 Fighting
 - Level 1.5 Dodging
 - Level 5.2 Shields
 - Level 11.4 Unarmed Combat
 - Level 8.1 Spellcasting
 - Level 5.2 Charms
 - Level 3.0 Necromancy
 - Level 11.1 Transmutations
 + Level 7.5 Earth Magic


You had 6 spell levels left.
You knew the following spells:

 Your Spells              Type           Power        Failure   Level  Hunger
a - Repel Missiles        Chrm/Air       ###...       4%          2    None
b - Sticks to Snakes      Tmut           ######..     1%          2    None
c - Spider Form           Tmut/Pois      ####......   2%          3    None
d - Blade Hands           Tmut           ######....   2%          5    #####..
e - Regeneration          Chrm/Necr      ####......   4%          3    None
f - Blink                 Tloc           N/A          10%         2    None
g - Statue Form           Tmut/Erth      ######...    32%         6    ######.


Dungeon Overview and Level Annotations

Branches:
Dungeon (11/15)            Temple (1/1) D:5            Lair (6/6) D:8
  Swamp (0/4) Lair:2        Snake (0/4) Lair:2        Slime (0/5) Lair:5
    Orc (0/2) D:9

Altars:
Ashenzari
Cheibriados
Dithmenos
Elyvilon
Fedhas
Gozag
Hepliaklqana
Kikubaaqudgha
Makhleb
Nemelex Xobeh
Okawaru
Qazlal
Ru
Sif Muna
Trog
Uskayaw
Vehumet
Xom
Yredelemnul
Zin
The Shining One

Shops:
D:5 (   D:9 [[:   D:10 [   D:11 *


Innate Abilities, Weirdness & Mutations

You cannot wear boots.
Your serpentine skin is tough. (AC +4)
You have supernaturally acute eyesight. (SInv)
Armour fits poorly on your strangely shaped body.
Your system is resistant to poisons. (rPois)
You cover ground very slowly.
You have a slow metabolism.
You can spit poison.
You can use your snake-like lower body to constrict enemies.


Message History

Unknown command.
You are too berserk!
Unknown command.
You smack the death yak!
You kill the death yak!
You have reached level 14!
The death yak gores you but does no damage.
MP restored: 26 Unknown command.
You smack the yak!
The yak is moderately wounded.
You feel less woody.
Your +0 cloak of poison resistance unmelds from your body.
Your +2 hat unmelds from your body.
Your +0 pair of gloves unmelds from your body.
The +1 naga barding "Qiwois" {rF+ rC+ Int+3} unmelds from your body.
Your +2 robe of cold resistance unmelds from your body.
You feel resistant to poison.
You feel resistant to cold. The death yak gores you!
You die...

.....................8....#######
.................8......###
........)....###......###
............## ##......##
............# ##...###P.#
...........# ##...#######
...........# #...###.###
...........# #..##YY...#
...........###.Y@YYY#.Y.#
..........###...YYY##...Y.#
..........# ##..YY## #...Y..
.....[....# ##.### .###YY
..........# ### .# Y ..........##
# ...........# ...........#
...........#


You could see 4 death yaks and 7 yaks.

Vanquished Creatures
  Kirke (Lair:5)
  Josephine (Lair:5)
  Fannar (D:10)
  A hydra (Lair:6)
  A catoblepas (Lair:6)
  The ghost of mistymad the Grappler, a novice NaTm (D:9)
  6 death yaks (Lair:6)
  Sonja (D:11)
  A lindwurm (Lair:4)
  A cyclops (D:8)
  An elephant (Lair:3)
  5 black mambas
  6 spiny frogs
  2 rime drakes
  6 komodo dragons
  A troll (D:10)
  2 polar bears (Lair:6)
  2 hornets (Lair:3)
  6 blink frogs
  8 hippogriffs
  3 wraiths (Lair:5)
  Sigmund (D:3)
  11 spriggans (Lair:3)
  25 yaks
  4 wyverns
  3 basilisks
  A hungry ghost (D:10)
  A soldier ant (D:8)
  14 water moccasins
  11 porcupines
  A swamp drake (Lair:2)
  3 sky beasts
  5 ice beasts
  An orc warrior (D:11)
  A phantom (D:7)
  5 ogres
  12 wolves
  3 boggarts (Lair:3)
  4 centaurs
  13 crocodiles
  3 big kobolds
  18 bullfrogs
  A wyvern zombie (D:10)
  2 scorpions
  9 killer bees
  7 crimson imps
  3 bullfrog zombies
  8 orc wizards
  3 bullfrog skeletons
  10 hounds
  A jelly (D:10)
  Jessica (D:3)
  Natasha (twice) (D:2)
  3 iguanas
  7 worker ants
  A killer bee zombie (D:10)
  A hound zombie (D:8)
  A hound skeleton (D:8)
  Robin (D:2)
  A howler monkey zombie (D:6)
  A worker ant zombie (D:7)
  18 gnolls
  19 adders
  A shadow imp (D:8)
  A white imp (D:8)
  3 oozes
  An adder zombie (D:6)
  An adder skeleton (D:9)
  A worm (D:2)
  2 dart slugs
  5 leopard geckos
  47 orcs
  7 giant cockroaches
  20 goblins
  20 hobgoblins
  12 jackals
  4 quokkas
  3 ball pythons
  9 bats
  6 frilled lizards
  27 kobolds
  2 quokka skeletons
  13 rats
  A fungus (Lair:5)
483 creatures vanquished.

Vanquished Creatures (collateral kills)
  3 hydras
  4 blink frogs
  A crocodile (Lair:5)
  A scorpion (D:9)
  An orc wizard (D:9)
  An orc priest (D:9)
  An adder (D:9)
  2 orcs
14 creatures vanquished.

Vanquished Creatures (others)
  A komodo dragon (Lair:5)
  3 humans (Lair:5)
  11 fungi
  12 plants (Lair:6)
27 creatures vanquished.

Grand Total: 524 creatures vanquished

Notes
Turn   | Place    | Note
-------+----------+-------------------------------------------
     0 | D:1      | mistymad the Naga Transmuter began the quest for the Orb.
     0 | D:1      | Reached XP level 1. HP: 18/18 MP: 3/3
   293 | D:1      | Reached XP level 2. HP: 25/25 MP: 5/5
   297 | D:1      | Learned a level 2 spell: Sticks to Snakes
   565 | D:1      | Reached XP level 3. HP: 25/31 MP: 4/6
   617 | D:1      | Learned a level 3 spell: Spider Form
   941 | D:2      | Found a faded altar of an unknown god.
   989 | D:2      | Noticed Robin
  1005 | D:2      | Killed Robin
  1007 | D:2      | Reached XP level 4. HP: 29/38 MP: 2/8
  1265 | D:2      | Found a shimmering altar of Xom.
  1305 | D:2      | Reached XP level 5. HP: 36/45 MP: 5/9
  1509 | D:2      | Noticed Natasha
  1516 | D:2      | Killed Natasha
  1875 | D:2      | Noticed Natasha
  1890 | D:2      | Killed Natasha
  2282 | D:3      | Reached XP level 6. HP: 45/55 MP: 6/10
  2431 | D:3      | Noticed Sigmund
  2442 | D:3      | Killed Sigmund
  2803 | D:3      | Noticed Jessica
  2814 | D:3      | Killed Jessica
  2814 | D:3      | Reached XP level 7. HP: 46/62 MP: 12/12
  3869 | D:4      | Learned a level 5 spell: Blade Hands
  3906 | D:4      | Reached skill level 5 in Unarmed Combat
  4403 | D:4      | Reached skill level 5 in Transmutations
  4403 | D:4      | Reached XP level 8. HP: 60/72 MP: 11/14
  5293 | D:5      | Entered Level 5 of the Dungeon
  5302 | D:5      | Found Ydun's Weapon Shoppe.
  5429 | D:5      | Found a staircase to the Ecumenical Temple.
  5444 | D:5      | Got a warped bone amulet
  5446 | D:5      | Identified the amulet of Luok {Reflect Str-5 Dex+4 SH+6 Stlth+} (You found it on level 5 of the Dungeon)
  5596 | Temple   | Entered the Ecumenical Temple
  5771 | D:5      | Reached skill level 5 in Spellcasting
  6260 | D:6      | Noticed a wyvern
  6267 | D:6      | Reached skill level 5 in Fighting
  6272 | D:6      | Killed a wyvern
  6272 | D:6      | Reached XP level 9. HP: 55/81 MP: 12/16
  6419 | D:6      | You fall through a shaft for 3 floors!
  6472 | D:9      | Noticed mistymad's ghost (novice NaTm)
  6503 | D:9      | Killed mistymad's ghost
  6873 | D:9      | Found Guikhoeg's Book Boutique.
  7022 | D:9      | Found Otacvu's Armour Shop.
  7073 | D:9      | Bought a +1 helmet for 161 gold pieces
  8042 | D:7      | Reached XP level 10. HP: 94/94 MP: 11/17
  9092 | D:8      | Found a staircase to the Lair.
  9163 | D:8      | Noticed a cyclops
  9216 | D:8      | Learned a level 3 spell: Regeneration
  9247 | D:8      | Killed a cyclops
 10078 | D:9      | Found a staircase to the Orcish Mines.
 10191 | D:9      | Reached skill level 1 in Charms
 10775 | D:9      | Found Myahaolo's Antique Armour Shoppe.
 10778 | D:9      | Bought a runed cloak for 304 gold pieces
 10885 | D:10     | Entered Level 10 of the Dungeon
 11147 | D:10     | Noticed Fannar
 11414 | D:10     | Found Cunwir's Antique Armour Boutique.
 11460 | D:10     | Learned a level 2 spell: Repel Missiles
 11463 | D:10     | Learned a level 2 spell: Blink
 12036 | D:10     | Killed Fannar
 12204 | D:10     | Reached XP level 11. HP: 104/104 MP: 14/19
 12528 | D:11     | Noticed Sonja
 12558 | D:11     | Killed Sonja
 12833 | D:11     | Found Gepp's Assorted Antiques.
 13552 | Lair:1   | Entered Level 1 of the Lair of Beasts
 14493 | Lair:1   | Reached skill level 10 in Unarmed Combat
 14807 | Lair:1   | Reached skill level 5 in Charms
 15137 | Lair:2   | Reached skill level 1 in Shields
 15670 | Lair:2   | Reached XP level 12. HP: 113/115 MP: 17/22
 15678 | Lair:2   | Found a staircase to the Swamp.
 15870 | Lair:2   | Found a staircase to the Snake Pit.
 16467 | Lair:3   | Reached skill level 1 in Necromancy
 16472 | Lair:3   | Reached skill level 10 in Transmutations
 16590 | Lair:3   | Identified Lerruog's Papyrus of Cankerous Air
 16746 | Lair:3   | Noticed a spriggan rider
 16994 | Lair:3   | Noticed a spriggan rider
 17354 | Lair:3   | Noticed a spriggan rider
 17883 | Lair:3   | Reached skill level 10 in Fighting
 17921 | Lair:3   | Identified a scroll of acquirement
 17924 | Lair:3   | Got a brightly glowing naga barding
 17937 | Lair:3   | Identified the +1 naga barding "Qiwois" {rF+ rC+ Int+3} (You acquired it on level 3 of the Lair of Beasts)
 18637 | Lair:4   | Found a shimmering altar of Xom.
 19561 | Lair:5   | Gained mutation: You can use your snake-like lower body to constrict enemies. [Naga growth]
 19561 | Lair:5   | Reached XP level 13. HP: 73/124 MP: 20/25
 19625 | Lair:5   | Found a staircase to the Slime Pits.
 20319 | Lair:5   | Noticed Kirke
 20333 | Lair:5   | Killed Kirke
 20732 | Lair:5   | Noticed Josephine
 20753 | Lair:5   | Killed Josephine
 21490 | Lair:6   | Entered Level 6 of the Lair of Beasts
 21581 | Lair:6   | Reached skill level 5 in Shields
 21859 | Lair:6   | Learned a level 6 spell: Statue Form
 22101 | Lair:6   | Reached skill level 1 in Earth Magic
 23559 | Lair:6   | Reached skill level 5 in Earth Magic
 23912 | Lair:6   | HP: 8/283 [yak (7)]
 23913 | Lair:6   | HP: 2/283 [death yak (6)]
 23914 | Lair:6   | Reached XP level 14. HP: 3/133 MP: 26/26
 23915 | Lair:6   | Mangled by a death yak

Skill      XL: |  1  2  3  4  5  6  7  8  9 10 11 12 13 |
---------------+----------------------------------------+-----
Transmutations | 3 4 5 6 7 8 9 10 11 | 11.1
Fighting       | 2 3 4 5 7 8 9 10 | 10.9
Spellcasting   | 3 4 5 7 8 |  8.1
Unarmed Combat | 4 5 6 8 9 10 11 | 11.4
Charms         | 2 5 |  5.2
Shields        | 1 4 5 |  5.2
Necromancy     | 3 |  3.0
Earth Magic    | 7 |  7.5
Dodging        | |  1.5

Action                   |  1- 3 |  4- 6 |  7- 9 | 10-12 | 13-15 || total
-------------------------+-------+-------+-------+-------+-------++-------
Melee: Unarmed           |    74 |   157 |   547 |   823 |   316 ||  1917
       Headbutt          |     2 |       |       |       |       ||     2
       Punch             |     1 |       |     7 |    25 |     7 ||    40
       Constrict         |       |       |       |       |    42 ||    42
 Cast: Beastly Appendage |     2 |       |       |       |       ||     2
       Spider Form       |     5 |     9 |    33 |     1 |       ||    48
       Sticks to Snakes  |       |     1 |     5 |     9 |    23 ||    38
       Blade Hands       |       |       |     5 |    69 |    14 ||    88
       Regeneration      |       |       |       |     9 |     3 ||    12
       Repel Missiles    |       |       |       |     1 |       ||     1
 Abil: Spit Poison       |    11 |     5 |    11 |       |       ||    27
       End Transformatio |       |       |       |     2 |       ||     2
Evoke: Wand              |       |       |       |     1 |       ||     1
  Use: Scroll            |       |    10 |     7 |    10 |     5 ||    32
       Potion            |       |       |     2 |     1 |     6 ||     9
 Stab: Sleeping          |     1 |       |       |    12 |       ||    13
       Distracted        |       |     1 |       |     1 |     2 ||     4
       Paralysed         |       |       |       |     3 |       ||     3
  Eat: Chunk             |     1 |     7 |    18 |    52 |     9 ||    87
       Royal jelly       |       |       |       |       |     1 ||     1
       Fruit             |       |       |       |       |     1 ||     1
       Pizza             |       |       |       |       |     1 ||     1
Armor: Robe              |    16 |    47 |    78 |   279 |    98 ||   518
       Skin              |     1 |     5 |    15 |     1 |    41 ||    63
       Troll leather arm |       |       |       |    11 |       ||    11
Dodge: Dodged            |    45 |   140 |   347 |   283 |    69 ||   884
       Deflected         |       |       |       |     3 |       ||     3
Block: Other             |       |       |    41 |   205 |    32 ||   278
       Reflection        |       |       |       |     2 |       ||     2
       Shield            |       |       |       |       |   118 ||   118
